Map: Backwater LE

Players

fruitcake

  • Race: Terran Terran
  • Spawn Location: 5:00

A.I. 1 (Elite) - Winner!

  • Race: Zerg Zerg
  • Spawn Location: 11:00

VOD

Have the link to the VOD?

Description

Time

  • Played on: May 5, 2018, 8:47 p.m.
  • Length: 14:09
Show
View Real Time Build Order
Export as new Build Order

fruitcake Terran 

Build Orders:  

Get SALT Encoding   

  12  0:00  SCV  
  13  0:15  Supply Depot  
  13  0:17  SCV  
  14  0:25  Refinery  
  14  0:29  SCV  
  15  0:49  SCV, Barracks  
  16  1:01  SCV  
  17  1:13  SCV  
  18  1:20  Barracks  
  18  1:25  SCV  
  19  1:35  Marine  
  19  1:39  SCV, Supply Depot  
  21  1:51  SCV  
  21  1:53  Marine  
  23  2:03  SCV  
  23  2:06  Barracks Reactor  
  23  2:07  Refinery  
  24  2:11  Marine  
  25  2:16  Supply Depot  
  25  2:31  Marine  
  25  2:32  Command Center  
  26  2:39  SCV  
  27  2:45  Marine x2  
  27  2:50  Barracks Tech Lab  
  29  2:51  SCV  
  30  3:03  Orbital Command  
  30  3:08  Marine  
  30  3:11  Supply Depot  
  31  3:15  Marauder  
  33  3:29  Marine, Engineering Bay  
  33  3:31  Marine  
  35  3:37  SCV  
  36  3:48  Marine, Marauder  
  39  3:49  SCV  
  39  3:55  Supply Depot  
  40  4:01  Terran Infantry Weapons Level 1  
  40  4:03  Marine  
  40  4:07  SCV  
  40  4:09  SCV  
  43  4:14  Marine x2  
  45  4:19  SCV  
  45  4:21  SCV  
  47  4:29  Marine, Supply Depot  
  48  4:33  Marauder  
  48  4:34  Stimpack  
  48  4:38  Refinery  
  50  4:41  SCV  
  50  4:43  SCV  
  52  4:47  Marine  
  52  4:48  Marine  
  54  4:53  SCV  
  54  4:57  Factory  
  55  5:06  SCV  
  57  5:07  SCV  
  57  5:09  Marine x2  
  59  5:18  SCV  
  59  5:19  SCV  
  61  5:21  Marine  
  61  5:27  Marine x2, Supply Depot  
  64  5:30  SCV  
  64  5:32  SCV  
  66  5:40  Marauder  
  66  5:42  Factory  
  68  5:43  Factory Tech Lab  
  68  5:51  SCV  
  68  5:55  Terran Infantry Armor Level 1  
  69  5:57  Marine, Refinery  
  69  5:58  Marine  
  69  6:01  Marauder  
  69  6:03  SCV  
  74  6:08  Supply Depot x2  
  74  6:12  Supply Depot  
  74  6:13  Siege Tank  
  77  6:22  SCV  
  77  6:23  Marauder  
  80  6:26  Marine  
  81  6:34  SCV  
  82  6:42  Armory  
  82  6:44  Marauder, Starport  
  82  6:45  Siege Tank  
  87  6:50  Marine x2  
  87  6:53  Factory Tech Lab  
  89  6:59  SCV  
  90  7:05  Marauder  
  90  7:07  Marine  
  93  7:11  Siege Tank  
  96  7:17  Siege Tank  
  99  7:27  Marauder  
  101  7:37  Command Center  
  101  7:40  Marine x2  
  101  7:43  Siege Tank  
  106  7:46  Medivac  
  106  7:48  Marauder  
  110  8:04  Terran Infantry Weapons Level 2, Supply Depot  
  110  8:07  Supply Depot  
  110  8:08  Terran Vehicle Weapons Level 1  
  110  8:25  Marine x2, SCV, Siege Tank, Medivac  
  118  8:27  Supply Depot  
  118  8:28  SCV, Siege Tank  
  118  8:29  Marauder  
  118  8:30  Supply Depot  
  124  8:37  Supply Depot  
  124  8:40  Supply Depot  
  124  8:43  Marine x2  
  126  8:49  SCV x2  
  126  8:50  Marauder  
  130  8:55  Starport Reactor  
  130  9:01  Marine x2, SCV x2  
  130  9:02  Starport  
  134  9:11  Marauder, Thor  
  134  9:13  SCV  
  134  9:15  SCV x2  
  145  9:18  Marine x2  
  147  9:25  SCV, Supply Depot  
  148  9:33  Marauder  
  148  9:36  Marine x2  
  136  9:48  Supply Depot  
  121  9:54  Marine x2, Marauder  
  124  10:16  Marauder  
  124  10:20  SCV x2, Marine x2, Terran Infantry Armor Level 2  
  130  10:23  Siege Tank x2  
  130  10:24  Medivac x2  
  140  10:34  Supply Depot  
  140  10:37  Marauder  
  140  10:38  Marine x2  
  144  10:46  Terran Vehicle Weapons Level 2  
  144  10:54  Medivac x2  
  144  10:56  Marine x2  
  150  10:58  Marauder  
  150  11:01  Supply Depot  
  152  11:10  Siege Tank  
  155  11:14  Marine x2  
  125  11:20  Marauder  
  125  11:24  Medivac x2  
  89  11:32  Marine x2  
  88  11:41  Marauder  
  88  11:43  Refinery  
  89  11:47  Refinery  
  89  11:51  Marine x2  
  89  11:52  Cyclone x2  
  89  11:53  Command Center  
  97  11:54  Medivac x2  
  101  12:01  Concussive Shells  
  101  12:02  Marauder  
  103  12:08  Marine  
  103  12:09  Marine  
  103  12:11  SCV  
  106  12:17  Planetary Fortress  
  106  12:23  SCV  
  106  12:24  Cyclone, Marauder  
  106  12:25  Hellbat  
  106  12:26  Marine x2  
  106  12:28  Barracks  
  116  12:44  Marine x2  
  116  12:45  Marauder  
  116  12:46  SCV, Thor  
  116  12:47  SCV  
  128  12:54  SCV  
  128  12:56  Thor  
  135  12:58  SCV  
  135  12:59  SCV  
  135  13:02  Marine x2  
  139  13:06  Viking x2  
  139  13:07  Marauder  
  145  13:16  Barracks  
  145  13:20  Marine x2  
  145  13:22  SCV  
  145  13:24  Barracks Reactor  
  148  13:28  Marauder  
  148  13:29  Widow Mine  
  148  13:32  Starport Reactor  
  152  13:36  Viking x2  
  152  13:38  Marine x2  
Show
View Real Time Build Order
Export as new Build Order

A.I. 1 (Elite) Zerg - Winner!

Build Orders: Pool First 

Get SALT Encoding   

  12  0:00  Drone  
  13  0:12  Overlord  
  13  0:16  Drone  
  14  0:30  Drone x2  
  16  0:42  Spawning Pool  
  16  0:45  Drone  
  16  0:50  Drone  
  17  1:13  Hatchery  
  17  1:15  Drone  
  17  1:17  Extractor  
  16  1:19  Drone  
  16  1:23  Extractor  
  16  1:25  Drone  
  17  1:30  Drone  
  18  1:38  Drone  
  19  1:48  Overlord  
  19  1:58  Queen  
  21  2:04  Zergling x2  
  22  2:10  Drone  
  23  2:25  Queen  
  25  2:30  Drone  
  25  2:36  Drone  
  27  2:40  Drone  
  28  2:44  Drone  
  29  2:58  Roach Warren  
  28  2:59  Drone  
  28  3:03  Drone  
  30  3:06  Zergling x2  
  30  3:09  Zergling x2  
  32  3:15  Overlord  
  32  3:19  Drone  
  33  3:21  Drone  
  34  3:38  Roach x2  
  34  3:40  Roach x2  
  42  3:45  Lair  
  42  3:50  Overlord  
  42  3:55  Overlord  
  42  3:58  Zergling x2  
  42  4:00  Zergling x2  
  44  4:08  Zergling x2, Drone x2  
  47  4:10  Drone  
  47  4:13  Drone  
  47  4:15  Drone  
  50  4:20  Overlord  
  52  4:24  Roach  
  52  4:28  Roach  
  52  4:31  Roach  
  56  4:34  Roach  
  56  4:37  Overlord  
  58  4:44  Drone  
  59  4:46  Drone  
  59  4:47  Hydralisk Den  
  59  4:48  Drone  
  59  4:51  Roach  
  62  4:54  Roach  
  62  4:58  Overlord  
  64  5:05  Drone  
  66  5:07  Drone  
  66  5:08  Drone  
  66  5:10  Drone  
  66  5:12  Drone  
  66  5:14  Drone  
  70  5:16  Drone, Hydralisk  
  70  5:18  Hydralisk  
  75  5:23  Overlord  
  75  5:26  Drone  
  75  5:27  Drone  
  77  5:29  Drone  
  77  5:31  Drone  
  77  5:32  Drone  
  80  5:38  Drone  
  80  5:39  Infestation Pit  
  80  5:44  Overlord  
  80  5:45  Drone  
  80  5:47  Drone  
  82  5:50  Metabolic Boost  
  82  5:54  Evolution Chamber  
  81  6:06  Ravager  
  81  6:08  Roach, Evolution Chamber  
  83  6:16  Infestor  
  85  6:18  Evolution Chamber  
  85  6:19  Drone  
  85  6:20  Zerg Missile Weapons Level 1, Drone, Extractor  
  85  6:26  Extractor  
  85  6:27  Drone x2, Hatchery  
  85  6:29  Infestor  
  87  6:34  Zerg Ground Armor Level 1  
  87  6:42  Ravager, Drone x2, Overlord  
  87  6:43  Drone  
  87  6:44  Zerg Melee Weapons Level 1  
  87  6:46  Roach  
  93  6:50  Drone x2  
  93  6:52  Hydralisk  
  97  6:56  Hydralisk  
  97  7:00  Overlord  
  99  7:14  Spine Crawler  
  99  7:15  Drone, Infestor  
  101  7:24  Overseer  
  101  7:29  Overlord, Infestor  
  103  7:32  Roach  
  103  7:34  Roach  
  103  7:36  Roach  
  109  7:39  Drone x3, Spine Crawler  
  109  7:40  Drone x4  
  109  7:41  Drone x2  
  117  7:46  Drone x3  
  117  7:49  Drone, Overlord  
  117  7:51  Drone x3, Extractor  
  123  7:52  Drone  
  123  7:57  Pathogen Glands  
  124  8:00  Drone  
  124  8:01  Drone  
  124  8:02  Drone  
  127  8:10  Overlord  
  127  8:13  Drone  
  127  8:14  Drone  
  127  8:17  Drone, Zerg Missile Weapons Level 2  
  130  8:23  Spore Crawler  
  130  8:26  Spore Crawler, Drone  
  129  8:30  Zergling x6, Overlord  
  129  8:31  Zergling x4, Drone, Extractor  
  129  8:34  Baneling Nest, Drone  
  132  8:39  Zerg Melee Weapons Level 2  
  133  8:49  Queen  
  133  8:53  Drone x3, Overlord  
  138  8:58  Zerg Ground Armor Level 2  
  138  9:06  Drone, Spine Crawler  
  138  9:13  Hydralisk  
  138  9:17  Zergling x2, Baneling, Hydralisk, Overlord  
  140  9:19  Hatchery  
  142  9:31  Spine Crawler  
  142  9:32  Drone  
  142  9:33  Spore Crawler  
  142  9:34  Roach, Drone  
  142  9:35  Roach  
  142  9:36  Spore Crawler  
  142  9:37  Drone  
  146  9:39  Baneling  
  146  9:40  Zergling x6, Baneling  
  146  9:41  Zergling x4  
  146  9:43  Zergling x2, Infestor  
  146  9:44  Zergling x4, Infestor  
  141  9:48  Zergling x2  
  141  9:50  Zergling x2, Overseer, Spine Crawler  
  141  9:52  Roach, Hydralisk, Spine Crawler  
  122  9:53  Roach  
  122  9:55  Roach  
  122  9:58  Roach x2, Infestor  
  122  9:59  Roach  
  116  10:00  Roach  
  116  10:01  Baneling x2  
  116  10:02  Baneling  
  116  10:03  Baneling  
  116  10:04  Ravager, Baneling  
  116  10:05  Baneling x2  
  116  10:06  Roach, Baneling x2  
  121  10:08  Baneling  
  121  10:09  Baneling  
  121  10:10  Roach, Baneling  
  121  10:11  Zergling x2  
  121  10:12  Baneling  
  121  10:13  Baneling  
  124  10:17  Zergling x2  
  126  10:21  Zergling x6  
  126  10:22  Zergling x2  
  126  10:26  Ravager  
  126  10:27  Roach  
  126  10:28  Zergling x2, Hydralisk  
  135  10:31  Drone  
  135  10:32  Zergling x2, Drone x3, Baneling  
  140  10:37  Centrifical Hooks, Extractor  
  140  10:38  Drone  
  140  10:39  Infestor  
  140  10:41  Roach  
  144  10:43  Roach, Extractor  
  144  10:44  Roach, Drone  
  148  10:50  Overlord  
  148  10:57  Spore Crawler  
  148  10:58  Drone  
  148  11:05  Baneling, Queen  
  148  11:06  Spore Crawler, Drone  
  150  11:16  Zergling x2, Baneling  
  150  11:17  Zergling x2  
  149  11:19  Zergling x2  
  149  11:23  Zergling x4  
  142  11:29  Spine Crawler  
  142  11:30  Drone  
  142  11:32  Spore Crawler  
  141  11:35  Drone  
  142  11:43  Hive  
  142  11:53  Spine Crawler  
  141  11:54  Drone  
  141  11:56  Spine Crawler  
  141  11:57  Drone  
  141  11:59  Spore Crawler, Drone  
  142  12:04  Hydralisk  
  142  12:07  Hydralisk  
  146  12:11  Hatchery  
  146  12:12  Drone, Hydralisk x2  
  146  12:13  Lurker Den  
  150  12:15  Drone  
  150  12:35  Spine Crawler  
  150  12:36  Neural Parasite, Drone  
  150  12:41  Overseer  
  150  12:42  Drone, Spine Crawler  
  150  12:43  Spine Crawler  
  149  12:44  Overseer, Drone  
  149  12:45  Spine Crawler  
  149  12:46  Drone  
  149  12:48  Drone, Spine Crawler  
  150  12:51  Spine Crawler  
  150  12:53  Drone  
  150  12:55  Viper x2, Overlord  
  156  13:08  Roach  
  156  13:10  Zergling x2, Pneumatized Carapace, Hydralisk  
  156  13:11  Hydralisk  
  163  13:13  Baneling  
  163  13:14  Zergling x2, Overlord  
  163  13:15  Baneling  
  163  13:16  Baneling  
  163  13:17  Baneling  
  163  13:18  Baneling  
  163  13:19  Baneling  
  164  13:21  Baneling  
  164  13:22  Zergling x2, Baneling x2, Queen  
  164  13:23  Spore Crawler  
  164  13:24  Zergling x2, Drone, Baneling  
  164  13:25  Baneling  
  164  13:27  Zergling x2, Spore Crawler, Baneling  
  169  13:28  Drone, Baneling  
  169  13:30  Spore Crawler  
  169  13:31  Ravager, Drone  
  169  13:33  Roach  
  172  13:35  Spore Crawler, Drone  
  172  13:37  Hatchery, Extractor  
  172  13:38  Drone x2  
  172  13:40  Spine Crawler  
  172  13:41  Drone  
  172  13:43  Roach, Overlord  
  172  13:47  Roach  
  176  13:49  Roach  
  180  14:03  Ravager, Spire  
Tags
 
Add a new tag
Caveats
  • Supply blocks, unpowered buildings, or Contaminate may cause inaccurate times.
  • Supply counts are checked every 10 seconds.